 Dungeon Crawl Stone Soup version 0.30-a0-860-g512cf1e979 (webtiles) character file.

Game seed: 15038527652664090801

515 Darius099 the Caller (level 7, 0/41 HPs)
             Began as an Octopode Summoner on Mar 8, 2023.
             Slain by a hound (1 damage)
             ... on level 5 of the Dungeon.
             The game lasted 00:28:36 (3837 turns).

Darius099 the Caller (Octopode Summoner)            Turns: 3837, Time: 00:28:36

Health: 0/41       AC:  1    Str:  7    XL:     7   Next: 20%
Magic:  11/14      EV: 13    Int: 19    God:
Gold:   213        SH:  0    Dex: 13    Spells: 11/15 levels left

rFire   + . .      SeeInvis .    e - +3 short sword of the Sun {flame, rC+ Will+}
rCold   + . .      Faith    .    (no shield)
rNeg    . . .      Spirit   .    (helmet restricted)
rPois   +          Reflect  .    (no amulet)
rElec   .          Rampage  .    m - ring of protection from fire
rCorr   .                        p - ring of poison resistance
Will    +....                    (no ring)
Stlth   +++                      (no ring)
HPRegen 0.26/turn                (no ring)
MPRegen 0.14/turn                (no ring)
                                 (no ring)
                                 (no ring)

@: no status effects
A: almost no armour, amphibious, 8 rings, camouflage 1, gelatinous body 1,
(nimble swimmer 1), tentacles
a: no special abilities


You were on level 5 of the Dungeon.
You visited 1 branch of the dungeon, and saw 5 of its levels.

You collected 213 gold pieces.

Inventory:

Hand Weapons
 e - the +3 short sword of the Sun (weapon) {flame, rC+ Will+}
   (You found it on level 2 of the Dungeon)

   rC:        It protects you from cold.
   Will:      It increases your willpower.
Missiles
 s - a throwing net
Jewellery
 m - a ring of protection from fire (left tentacle)
 p - a ring of poison resistance (right tentacle)
Scrolls
 b - 3 scrolls of fear
 d - a scroll of identify {unknown}
 g - a scroll of blinking {unknown}
 h - a scroll of enchant weapon
 k - a scroll of torment {unknown}
 l - a scroll of amnesia {unknown}
 n - a scroll of immolation {unknown}
Potions
 a - a potion of magic
 c - a potion of berserk rage {unknown}
 f - 2 potions of cancellation
 i - a potion of heal wounds {unknown}
 j - 2 potions of haste {unknown}
 o - a potion of brilliance {unknown}
 q - 2 potions of degeneration {unknown}
 r - a potion of lignification {unknown}


   Skills:
 - Level 2.6 Dodging
 - Level 3.8 Stealth
 + Level 4.8 Spellcasting
 + Level 6.3 Summonings


You had 11 spell levels left.
You knew the following spells:

 Your Spells              Type           Power      Damage    Failure   Level
a - Summon Small Mammal   Summ           100%       N/A       1%          1
b - Call Canine Familiar  Summ           28%        N/A       2%          3

Your spell library contained the following spells:

 Spells                   Type           Power      Damage    Failure   Level
 Call Imp                 Summ           28%        N/A       1%          2
 Summon Guardian Golem    Hex/Summ       16%        N/A       11%         3
 Freeze                   Ice            16%        1d4       13%         1
 Summon Lightning Spire   Summ/Air       16%        N/A       34%         4
 Frozen Ramparts          Ice            8%         1d2       36%         3
 Hailstorm                Conj/Ice       4%         3d4       36%         3


Dungeon Overview and Level Annotations

Branches:
Dungeon (5/15)
 Temple: D:4-7

Altars:
Ashenzari
Zin

Annotations:
D:5 Ijyb


Innate Abilities, Weirdness & Mutations

You cannot wear most types of armour.
You are amphibious.
You can wear up to eight rings at the same time.
Your skin changes colour to match your surroundings (Stealth+).
Your rubbery body absorbs attacks. (AC +1, EV +1)
((You are camouflaged when in or above water. (Stealth+)))
You have tentacles for arms and can constrict up to eight enemies at once.


Message History

Press: ? - help, Dir - move target, f/p - Ijyb
Aim: Ijyb, wielding a +0 club, wearing a +0 leather armour and carrying a wand of roots (11) (lightly wounded, ally target) Attack!
Your quokka bites Ijyb but does no damage.
Your hound bites Ijyb but does no damage.
The hound bites your quokka.
Your quokka bites the hound.
The hound barely misses your quokka.
You puncture Ijyb! You burn Ijyb. Your grab misses Ijyb.
Ijyb is moderately wounded.
Your quokka bites the hound.
The hound misses your quokka.
Your hound completely misses Ijyb.
Your quokka bites Ijyb.
Ijyb hits you with a +0 club.
You hit Ijyb. You burn Ijyb. Your grab misses Ijyb.
Ijyb is severely wounded.
Your quokka bites the hound.
The hound bites your quokka.
Your quokka dies!
Your quokka's corpse disappears in a puff of smoke!
Your hound closely misses Ijyb.
Your quokka completely misses Ijyb.
Ijyb zaps a wand.
The roots erupt in riotous growth!
The grasping roots grab you!
The iguana is unaffected.
Ijyb is unaffected.
The grasping roots constrict you.
You barely miss Ijyb. Your grab misses Ijyb.
Ijyb is severely wounded.
Your hound barely misses Ijyb.
Your quokka closely misses Ijyb.
Your hound barely misses Ijyb.
The iguana bites you. Ijyb barely misses you. The grasping roots constrict you.
You hit Ijyb. You burn Ijyb. Your grab misses Ijyb.
Ijyb is almost dead.
Your quokka bites Ijyb.
Your hound closely misses Ijyb.
The iguana bites you!
* * * LOW HITPOINT WARNING * * *
The hound bites you.
* * * LOW HITPOINT WARNING * * *
Ijyb hits you with a +0 club.
* * * LOW HITPOINT WARNING * * *
The grasping roots constrict you.
* * * LOW HITPOINT WARNING * * *
The grasping roots release their grip on you.
It was a potion of cancellation.
You feel magically purged.
Your hound completely misses Ijyb.
Your quokka bites Ijyb.
The hound bites you.
You die...

..... .....#
......#
.......###
.[.......##
..........##
.......rh..#
.......hg!.#
.......l@..#
........####
#########


You could see Ijyb (ally target), an iguana, a hound, a friendly hound
(summoned) and a friendly quokka (summoned).

Vanquished Creatures
  The ghost of oldplebian the Chucker, an amateur GnWn (D:3)
  An ice beast (D:4)
  An orc priest (D:4)
  6 adders
  2 dart slugs
  3 orcs
  3 bats (D:1)
  2 endoplasms
  4 giant cockroaches
  4 goblins
  4 hobgoblins
  4 jackals
  4 kobolds
  4 quokkas
  4 ball pythons
  4 frilled lizards
  2 rats
53 creatures vanquished.

Vanquished Creatures (collateral kills)
  An iguana (D:4)
  An adder (D:3)
  A dart slug (D:2)
  5 orcs
  6 endoplasms
  2 giant cockroaches (D:3)
  3 hobgoblins
  3 jackals
  A quokka (D:2)
  3 ball pythons
  2 bats
  A frilled lizard (D:3)
  3 goblins
  5 kobolds
  4 rats
41 creatures vanquished.

Grand Total: 94 creatures vanquished

Notes
Turn   | Place    | Note
-------+----------+-------------------------------------------
     0 | D:1      | Darius099 the Octopode Summoner began the quest for the
                  | Orb.
     0 | D:1      | Reached XP level 1. HP: 11/11 MP: 3/3
   110 | D:1      | Found a faded altar of an unknown god.
   166 | D:1      | Reached XP level 2. HP: 10/17 MP: 5/5
   592 | D:1      | Reached XP level 3. HP: 21/21 MP: 6/6
   846 | D:1      | You fall into a shaft and drop 1 floor!
   856 | D:2      | Learned a level 3 spell: Call Canine Familiar
  1113 | D:2      | Identified the +3 short sword of the Sun {flame, rC+ Will+}
  1122 | D:2      | Reached XP level 4. HP: 24/27 MP: 7/7
  1773 | D:3      | Reached XP level 5. HP: 31/31 MP: 1/9
  1844 | D:3      | Found a broken altar of Ashenzari.
  1877 | D:3      | Found a glowing silver altar of Zin.
  1913 | D:3      | Reached skill level 5 in Summonings
  2488 | D:3      | Found a runed translucent door.
  2494 | D:3      | Noticed oldplebian's ghost (amateur GnWn)
  2859 | D:3      | Killed oldplebian's ghost
  2860 | D:3      | Reached XP level 6. HP: 15/36 MP: 2/12
  3271 | D:4      | Reached skill level 6 in Summonings
  3377 | D:4      | Noticed an ice beast
  3389 | D:4      | Killed an ice beast
  3390 | D:4      | Reached XP level 7. HP: 23/41 MP: 8/14
  3820 | D:5      | Entered Level 5 of the Dungeon
  3821 | D:5      | Noticed Ijyb
  3836 | D:5      | HP: 1/41 [constriction (4)]
  3837 | D:5      | Slain by a hound

Illustrated notes

Levels and vault maps discovered:
D:1:      giann_wishing_wells, layout_loops_corners, basic_ecumenical_altar
D:2:      wander_river, layout_basic, minmay_vboxes
D:3:      layout_basic, mainiacjoe_overflow_catch_the_wave,
          ebering_ghost_sewer_d
D:4:      layout_basic
D:5:      layout_cave_pods, uniq_pikel, uniq_ijyb

Skill      XL: |  1  2  3  4  5  6 |
---------------+-------------------+-----
Stealth        | 3 |  3.8
Spellcasting   | 3 4 |  4.8
Summonings     | 5 6 |  6.3
Dodging        | |  2.6

Action                     |  1- 3 |  4- 6 |  7- 9 || total
---------------------------+-------+-------+-------++-------
  Melee: Unarmed           |    65 |       |       ||    65
         Tentacles         |    20 |    17 |       ||    37
         Constrict         |    20 |    12 |     1 ||    33
         Punch             |     1 |       |       ||     1
         Short sword       |     3 |    75 |     8 ||    86
   Cast: Summon Small Mamm |    28 |    47 |     8 ||    83
         Call Canine Famil |     1 |     4 |     1 ||     6
    Use: Scroll            |       |       |     2 ||     2
         Potion            |       |       |     1 ||     1
   Stab: Sleeping          |     6 |     9 |       ||    15
         Distracted        |       |     2 |       ||     2
 Armour: Skin              |    11 |     3 |       ||    14
  Dodge: Dodged            |    74 |    45 |     1 ||   120

Table legend: (Time is in decaauts)
 A = Elapsed time spent in this place.
 B = Non-inter-level travel time spent in this place.
 C = Inter-level travel time spent in this place.
 D = Time resting spent in this place.
 E = Time spent auto-exploring this place.
 F = Levels seen in this place.
 G = Mean time per level.
                   A        B        C        D        E       F      G
               +--------+--------+--------+--------+--------+-----+--------+
         Total |   3834 |   3701 |    133 |    589 |   1570 |   5 |  766.8 |
       Dungeon |   3834 |   3701 |    133 |    589 |   1570 |   5 |  766.8 |
               +--------+--------+--------+--------+--------+-----+--------+

Top non-repeatable levels by time:
     D:3: 1377 daAuts
     D:1: 846 daAuts
     D:2: 840 daAuts
     D:4: 754 daAuts
     D:5: 16 daAuts
